 Dungeon Crawl Stone Soup version 0.24.0-13-gcf9b3192b9 (webtiles) character file.

Game seed: 12973676770661367735, levelgen mode: deterministic

1491 Iamsoldier the Thaumaturge (level 8, -1/41 HPs)
             Began as a Deep Elf Conjurer on Nov 5, 2019.
             Was a Follower of Lugonu.
             Slain by a sky beast (5 damage)
             ... on level 6 of the Dungeon.
             The game lasted 00:32:01 (9476 turns).

Iamsoldier the Thaumaturge (Deep Elf Conjurer)      Turns: 9476, Time: 00:32:02

Health: -1/41      AC:  3    Str:  2 (5)  XL:     8   Next: 51%
Magic:  2/22       EV: 15    Int: 20 (23) God:    Lugonu [*.....]
Gold:   417        SH:  0    Dex: 13 (15) Spells: 17/24 levels left

rFire    . . .     SeeInvis .   e - +1 quarterstaff
rCold    . . .     Gourm    .   (shield currently unavailable)
rNeg     . . .     Faith    .   a - +1 robe
rPois    .         Spirit   .   (no helmet)
rElec    .         Reflect  .   m - scarf {repulsion}
rCorr    +         Harm     .   (no gloves)
MR       .....                  (no boots)
Stlth    ++........             r - amulet of rage
HPRegen  0.13/turn              (no ring)
MPRegen  0.18/turn              p - ring of resist corrosion

@: repel missiles
A: no striking features
a: Depart the Abyss, Renounce Religion, Evoke Berserk Rage


You were on level 6 of the Dungeon.
You worshipped Lugonu.
Lugonu was aware of your devotion.
You were hungry.

You visited 1 branch of the dungeon, and saw 6 of its levels.
You visited the Abyss 1 time.

You collected 417 gold pieces.

Inventory:

Hand Weapons
 e - a +1 quarterstaff (weapon)
Armour
 a - a +1 robe (worn)
 j - a +0 cloak
 m - a scarf of repulsion (worn)
Jewellery
 p - a ring of resist corrosion (right hand)
 r - an amulet of rage (around neck)
Wands
 f - a wand of paralysis (17)
Scrolls
 d - 5 scrolls of teleportation
 g - 7 scrolls of identify
 k - 3 scrolls of remove curse
 o - a scroll of fear {unknown}
Potions
 h - a potion of lignification
Comestibles
 b - 4 rations


   Skills:
 + Level 5.8 Dodging
 - Level 2.4 Stealth
 * Level 8.8 Spellcasting
 * Level 8.3 Conjurations
 + Level 2.2 Invocations
 + Level 2.2 Evocations


You had 17 spell levels left.
You knew the following spells:

 Your Spells              Type           Power        Failure   Level  Hunger
a - Magic Dart            Conj           ####         1%          1    None
b - Searing Ray           Conj           #####.       1%          2    None
c - Iskenderun's Mystic   Conj           #####...     2%          4    ###....

Your spell library contained the following spells:

 Spells                   Type           Power        Failure   Level  Hunger
 Dazzling Spray           Conj/Hex       ####..       4%          3    None
 Beastly Appendage        Tmut           #.....       8%          1    None
 Sticks to Snakes         Tmut           #.......     12%         2    None
 Force Lance              Conj/Tloc      ####....     14%         4    ###....
 Fulminant Prism          Conj/Hex       ####......   14%         4    ###....
 Spider Form              Tmut/Pois      #.........   24%         3    None
 Ice Form                 Ice/Tmut       #.......     61%         4    ###....
 Blade Hands              Tmut           #.........   91%         5    #####..


Dungeon Overview and Level Annotations

Branches:
Dungeon (6/15)             Temple (0/1) D:5

Altars:
Ashenzari
Dithmenos
Elyvilon
Gozag
Hepliaklqana
Ru
Trog
Uskayaw
Lugonu


Message History

It was a potion of heal wounds.
You feel much better. Something hits you but does no damage.
It was a potion of degeneration.
There was something very wrong with that liquid.
You feel weakened.
You feel dopey.
You feel clumsy. Something hits you. Something shocks you.
There is an open door here.
You see here a scroll of remove curse.
k - 3 scrolls of remove curse (gained 1)
Something hits you. Something shocks you.
As you read the scroll labeled ISTRIO UDGHAE, it crumbles to dust.
It is a scroll of enchant weapon.
Your +0 quarterstaff glows red for a moment.
Something hits you. Something shocks you.
You miss something. Something hits you. Something shocks you.
* * * LOW HITPOINT WARNING * * *
Something hits you.
* * * LOW HITPOINT WARNING * * *
Something shocks you.
You die...

#.##...#.# ##.#.#
######..##.)#.#+ ##..#.#
##........###...###...#.#
..)...).......8.........##
.#.####...###...###.......
#..##.'#.#+ ##..####
#.##...#.# ##.# #
#.#...##.# #.# #
..#@.##... #.# .#.#### ...
#.. .##.. ..... ... ##.##
##<#


There were no monsters in sight!

Vanquished Creatures
  Grinder (D:3)
  A sky beast (D:5)
  2 black bears (D:6)
  An orc warrior (D:6)
  A centaur (D:5)
  A bullfrog (D:6)
  A wyvern zombie (D:6)
  A centaur zombie (D:6)
  2 hounds
  2 orc priests (D:6)
  3 orc wizards
  A gnoll shaman (D:4)
  2 iguanas
  6 worker ants
  A worker ant zombie (D:5)
  10 gnolls (D:4)
  6 adders
  An ooze (D:1)
  2 worms
  3 dart slugs
  4 leopard geckos
  10 orcs
  8 giant cockroaches
  7 goblins
  3 hobgoblins
  8 jackals
  7 kobolds
  2 ball pythons (D:5)
  10 bats
  8 frilled lizards
  A jackal zombie (D:5)
  2 leopard gecko skeletons
  5 rats
123 creatures vanquished.

Notes
Turn   | Place    | Note
-------+----------+-------------------------------------------
     0 | D:1      | Iamsoldier the Deep Elf Conjurer began the quest for the
                  | Orb.
     0 | D:1      | Reached XP level 1. HP: 10/10 MP: 6/6
   398 | D:1      | Reached XP level 2. HP: 15/15 MP: 1/8
  1403 | D:2      | Learned a level 2 spell: Searing Ray
  1481 | D:2      | Reached XP level 3. HP: 19/19 MP: 7/10
  2050 | D:2      | Reached skill level 5 in Conjurations
  2096 | D:2      | Found a hazy altar of Hepliaklqana.
  3046 | D:2      | Reached XP level 4. HP: 24/24 MP: 8/12
  3068 | D:2      | Learned a level 4 spell: Iskenderun's Mystic Blast
  3675 | D:3      | Noticed a +0 hand axe
  3676 | D:3      | Noticed a +0 dagger
  3679 | D:3      | Found a hide-covered altar of Uskayaw.
  3695 | D:3      | Found an opulent altar of Gozag.
  4187 | D:4      | Reached skill level 5 in Spellcasting
  4609 | D:4      | Reached XP level 5. HP: 28/28 MP: 11/14
  4632 | D:4      | Got a pair of dazzling boots
  4636 | D:4      | Identified the +1 pair of boots "Metast" {+Blink rC+ Int-4}
                  | (You found it on level 4 of the Dungeon)
  4683 | D:4      | Noticed Grinder
  4746 | D:3      | Paralysed by Grinder for 5 turns
  5169 | D:3      | Killed Grinder
  5169 | D:3      | Reached XP level 6. HP: 26/32 MP: 5/17
  5230 | D:4      | Cast into level 2 of the Abyss (a distortion unwield)
  5230 | Abyss:2  | Found a corrupted altar of Lugonu.
  5234 | Abyss:2  | Became a worshipper of Lugonu the Unformed
  5234 | Abyss:2  | Reached * piety under Lugonu
  5235 | D:4      | Escaped the Abyss
  5599 | D:4      | Found a shattered altar of Ashenzari.
  6040 | D:4      | Reached XP level 7. HP: 36/36 MP: 13/19
  6043 | D:4      | Found a sacrificial altar of Ru.
  6281 | D:5      | Entered Level 5 of the Dungeon
  6548 | D:5      | Found a shadowy altar of Dithmenos.
  6647 | D:5      | Found a white marble altar of Elyvilon.
  6783 | D:5      | Reached skill level 5 in Dodging
  7283 | D:5      | Found a staircase to the Ecumenical Temple.
  8106 | D:6      | Reached skill level 1 in Invocations
  8809 | D:6      | Found a bloodstained altar of Trog.
  8811 | D:6      | Reached skill level 1 in Evocations
  8811 | D:6      | Reached XP level 8. HP: 41/41 MP: 13/22
  9476 | D:6      | Slain by a sky beast

Levels and vault maps discovered:
D:1:      evilmike_arrival_hilbert_curve, layout_loops_ring
D:2:      layout_basic, nicolae_overflow_hidden_temple, first_ration,
          minivault_24, roderic_lattice_a, kennysheep_generic_room_8
D:3:      layout_basic, grunt_gozag_statues, dancing_weapons_uskayaw
D:4:      layout_gridville, evilmike_ruin_ashenzari, nicolae_ru_awakened_eye,
          uniq_grinder
D:5:      layout_loops_cross, marbit_many_paths, elyvilon_altar_5,
          minmay_temple_entry_grid, amethyst_killhole
D:6:      cheibrodos_barr_body, layout_loops_ring, trog_ov_bears_minmay,
          uniq_eustachio

Skill      XL: |  1  2  3  4  5  6  7  8 |
---------------+-------------------------+-----
Spellcasting   | 4 5 6 8 |  8.8
Conjurations   | 5 6 7 8 |  8.3
Dodging        | 3 4 5 |  5.8
Invocations    | 1 2 |  2.2
Evocations     | 1 2 |  2.2
Stealth        | |  2.4

Action                   |  1- 3 |  4- 6 |  7- 9 || total
-------------------------+-------+-------+-------++-------
Melee: Unarmed           |     9 |       |       ||     9
       Dagger            |       |    14 |       ||    14
       Quarterstaff      |       |       |     3 ||     3
 Cast: Magic Dart        |    68 |    43 |    61 ||   172
       Searing Ray       |     5 |    24 |    22 ||    51
       Iskenderun's Myst |       |     3 |    15 ||    18
Invok: Depart the Abyss  |       |     1 |       ||     1
  Use: Potion            |     1 |     3 |     3 ||     7
       Scroll            |       |    11 |     2 ||    13
  Eat: Ration            |     1 |     1 |     2 ||     4
       Chunk             |     1 |     8 |     4 ||    13
Armor: Robe              |     3 |    10 |    11 ||    24
Dodge: Dodged            |    27 |    34 |    63 ||   124
       Deflected         |     1 |       |     1 ||     2
